 Dungeon Crawl Stone Soup version 0.26-a0-651-gb41185065b (webtiles) character file.

Game seed: 3495848859196734264

918 raph the Covert (level 7, 0/32 HPs)
             Began as a Spriggan Enchanter on Oct 18, 2020.
             Was an Initiate of Ashenzari.
             Succumbed to a kobold's poison
             ... on level 5 of the Dungeon.
             The game lasted 00:13:49 (5715 turns).

raph the Covert (Spriggan Enchanter)                Turns: 5715, Time: 00:13:49

Health: 0/32       AC:  4    Str:  4    XL:     7   Next: 83%
Magic:  5/14       EV: 20    Int: 16    God:    Ashenzari [......]
Gold:   223        SH:  0    Dex: 15    Spells: 3/15 levels left

rFire    . . .     SeeInvis +   n - +0 dagger (drain)
rCold    . . .     Faith    .   (shield restricted)
rNeg     . . .     Spirit   .   b - +0 robe
rPois    .         Reflect  .   (helmet restricted)
rElec    .         Harm     .   f - +1 cloak
rCorr    .         Rampage  .   (gloves unavailable)
MR       +....                  (boots unavailable)
Stlth    ++++......             (no amulet)
HPRegen  0.10/turn              j - -4 ring of dexterity (curse)
MPRegen  0.14/turn              (no ring)

@: lethally poisoned (0 -> -7), very quick
A: very small, unfitting armour, see invisible, speed 3
a: Curse Item, Renounce Religion


You were on level 5 of the Dungeon.
You worshipped Ashenzari.
Ashenzari was noncommittal.
You visited 2 branches of the dungeon, and saw 6 of its levels.

You collected 223 gold pieces.

Inventory:

Hand Weapons
 a - a +1 dagger
 n - a +0 dagger of draining (weapon)
Missiles
 c - 228 stones (quivered)
Armour
 b - a +0 robe (worn)
 f - a +1 cloak (worn)
Jewellery
 j - a cursed -4 ring of dexterity (left hand)
Wands
 s - a wand of enslavement (8)
Scrolls
 k - 4 scrolls of teleportation
 r - a scroll of fog {unknown}
Potions
 d - 2 potions of haste
 e - 3 potions of heal wounds
 g - a potion of degeneration
 h - 2 potions of curing
 i - a potion of lignification
 l - a potion of ambrosia
 m - 3 potions of mutation {unknown}
 o - 2 potions of flight
 p - a potion of magic {unknown}
 q - a potion of invisibility {unknown}


   Skills:
 * Level 5.0 Short Blades
 + Level 5.3 Dodging
 * Level 8.3 Stealth
 + Level 4.5 Spellcasting
 * Level 6.4 Hexes


You had 3 spell levels left.
You knew the following spells:

 Your Spells              Type           Power        Failure   Level
a - Corona                Hex            ###....      1%          1
b - Ensorcelled Hibernat  Hex/Ice        ##....       6%          2
c - Confusing Touch       Hex            ###.....     3%          3
d - Tukima's Dance        Hex            ###.....     3%          3
e - Dazzling Flash        Conj/Hex       ##....       13%         3

Your spell library contained the following spells:

 Spells                   Type           Power        Failure   Level


Dungeon Overview and Level Annotations

Branches:
Dungeon (5/15)             Temple (1/1) D:5

Altars:
Ashenzari
Cheibriados
Dithmenos
Elyvilon
Fedhas
Gozag
Hepliaklqana
Kikubaaqudgha
Makhleb
Nemelex Xobeh
Okawaru
Qazlal
Ru
Sif Muna
Uskayaw
Vehumet
Wu Jian
Xom
Yredelemnul
Zin
The Shining One

Shops:
D:5 }

Annotations:
D:4 Menkaure


Innate Abilities, Weirdness & Mutations

You are very small and have problems with some larger weapons.
You are too small for most types of armour.
You have supernaturally acute eyesight. (SInv)
You cover ground extremely quickly.


Message History

The big kobold throws a stone.
The stone hits you.
* * * LOW HITPOINT WARNING * * *
The kobold completely misses you.
You see here a stone.
The kobold throws a poisoned dart.
The poisoned dart hits you!
You are lethally poisoned!
You see here a poisoned dart.
* * * LOW HITPOINT WARNING * * *
You feel sick.
The kobold throws a poisoned dart.
The poisoned dart barely misses you.
* * * LOW HITPOINT WARNING * * *
You feel sick.
The big kobold throws a stone.
The stone misses you.
You see here a poisoned dart.
There is a stone staircase leading down here.
* * * LOW HITPOINT WARNING * * *
You feel sick.
* * * LOW HITPOINT WARNING * * *
You feel sick.
You see here 16 arrows.
You die...

##K.## ###...### ########(..#
#.......# ......†...K###
###.......#
######..(∩...#######.#.#.#.#.#
#...>(....................
#........#####.#.#.#.#.#.#
#.##...### #............ #.
#...#######.#.#.#.#.#.# ..
##...(@................ ###
#.#######..#.#.#.#.#.# #.#
#..[......<... #.#
#..#.#.#.#.#.# ..#
#............. ##
##.#.#.#.#.#.# ###########..
###


There were no monsters in sight!

Vanquished Creatures
  Edmund (D:4)
  An ogre (D:5)
  2 sky beasts (D:5)
  A scorpion (D:5)
  An orc priest (D:5)
  A hound (D:4)
  A jelly (D:5)
  A centaur skeleton (D:5)
  Ijyb (D:5)
  An iguana (D:5)
  8 worker ants
  Robin (D:4)
  5 adders
  An ooze (D:3)
  4 worms
  2 dart slugs (D:1)
  2 leopard geckos
  4 orcs
  2 giant cockroaches (D:1)
  6 hobgoblins
  3 jackals
  3 quokkas
  A ball python (D:1)
  8 bats
  8 frilled lizards
  8 goblins
  7 kobolds
  7 rats
91 creatures vanquished.

Notes
Turn   | Place    | Note
-------+----------+-------------------------------------------
     0 | D:1      | raph the Spriggan Enchanter began the quest for the Orb.
     0 | D:1      | Reached XP level 1. HP: 9/9 MP: 5/5
   167 | D:1      | Reached XP level 2. HP: 12/13 MP: 4/6
   213 | D:1      | Learned a level 2 spell: Ensorcelled Hibernation
  1240 | D:1      | Reached skill level 5 in Stealth
  1240 | D:1      | Reached XP level 3. HP: 16/16 MP: 8/8
  1289 | D:1      | Learned a level 3 spell: Confusing Touch
  2068 | D:2      | Found a faded altar of an unknown god.
  2078 | D:2      | Reached XP level 4. HP: 21/21 MP: 9/9
  2979 | D:4      | Reached XP level 5. HP: 24/24 MP: 7/10
  3045 | D:4      | Reached skill level 6 in Stealth
  3199 | D:4      | Noticed Edmund
  3201 | D:4      | Noticed an ogre
  3211 | D:4      | Killed Edmund
  3211 | D:4      | Reached skill level 5 in Hexes
  3211 | D:4      | Reached XP level 6. HP: 10/28 MP: 10/12
  3672 | D:4      | Noticed Robin
  3681 | D:4      | Killed Robin
  3975 | D:4      | Noticed Menkaure
  4286 | D:5      | Entered Level 5 of the Dungeon
  4310 | D:5      | Reached skill level 7 in Stealth
  4431 | D:5      | Noticed a sky beast
  4586 | D:5      | Learned a level 3 spell: Tukima's Dance
  4590 | D:5      | Learned a level 3 spell: Dazzling Flash
  4681 | D:5      | Reached XP level 7. HP: 32/32 MP: 10/13
  4750 | D:5      | Found a staircase to the Ecumenical Temple.
  4757 | Temple   | Entered the Ecumenical Temple
  4847 | Temple   | Became a worshipper of Ashenzari the Shackled
  4911 | D:5      | Noticed Ijyb
  4921 | D:5      | Killed Ijyb
  4927 | D:5      | Reached skill level 5 in Dodging
  5269 | D:5      | Reached skill level 8 in Stealth
  5659 | D:5      | Found Yhunydirph's Gadget Shop.
  5701 | D:5      | Reached skill level 5 in Short Blades
  5713 | D:5      | HP: 1/32 [poisoned by a kobold]
  5715 | D:5      | Succumbed to a kobold's poison

Illustrated notes

Levels and vault maps discovered:
D:1:      saegor_arrival_under_anarchy, layout_rooms,
          chequers_serial_rivers_small_3
D:2:      layout_rooms, chequers_ecumenical_altar_simple
D:3:      layout_loops_cross, hex_medium
D:4:      cheibrodos_greedy_goblins, layout_layer_cave, uniq_edmund, uniq_robin,
          uniq_menkaure
D:5:      layout_loops_ring, temple_green, serial_shops, shop, st_stairs_11,
          uniq_ijyb
Temple:   nicolae_temple_the_god_donut

Skill      XL: |  1  2  3  4  5  6  7 |
---------------+----------------------+-----
Hexes          | 4 5 6 |  6.4
Stealth        | 5 6 7 8 |  8.3
Short Blades   | 2 3 4 5 |  5.0
Spellcasting   | 3 4 |  4.5
Dodging        | 4 5 |  5.3

Action                   |  1- 3 |  4- 6 |  7- 9 || total
-------------------------+-------+-------+-------++-------
Melee: Dagger            |   128 |   138 |    85 ||   351
 Cast: Corona            |    15 |    10 |     6 ||    31
       Ensorcelled Hiber |    14 |    22 |     7 ||    43
       Confusing Touch   |       |       |     1 ||     1
       Dazzling Flash    |       |       |     1 ||     1
  Use: Scroll            |       |    10 |     1 ||    11
 Stab: Sleeping          |    21 |    17 |     5 ||    43
       Invisible         |       |       |     2 ||     2
Armor: Robe              |     3 |    17 |     6 ||    26
Dodge: Dodged            |   101 |   109 |    57 ||   267

Table legend: (Time is in decaauts)
 A = Elapsed time spent in this place.
 B = Non-inter-level travel time spent in this place.
 C = Inter-level travel time spent in this place.
 D = Time resting spent in this place.
 E = Time spent auto-exploring this place.
 F = Levels seen in this place.
 G = Mean time per level.
                   A        B        C        D        E       F      G
               +--------+--------+--------+--------+--------+-----+--------+
         Total |   4651 |   4588 |     63 |   2478 |   1015 |   6 |  775.2 |
       Dungeon |   4593 |   4533 |     60 |   2478 |   1015 |   5 |  918.6 |
        Temple |     58 |     56 |      2 |      0 |      0 |   1 |   58.0 |
               +--------+--------+--------+--------+--------+-----+--------+

Top non-repeatable levels by time:
     D:1: 1341 daAuts
     D:5: 1120 daAuts
     D:3: 1013 daAuts
     D:4: 725 daAuts
     D:2: 392 daAuts
  Temple: 58 daAuts
